 Dungeon Crawl Stone Soup version 0.21-a0-404-g291f19a (webtiles) character file.

44 Klosterheim the Vexing (level 3, -1/28 HPs)
             Began as a Gnoll Arcane Marksman on Oct 29, 2017.
             Slain by an orc
             ... wielding a +0 flail
              (9 damage)
             ... on level 3 of the Dungeon.
             The game lasted 00:06:07 (1684 turns).

Klosterheim the Vexing (Gnoll Arcane Marksman)      Turns: 1684, Time: 00:06:09

Health: -1/28      AC:  5    Str: 13    XL:     3   Next: 62%
Magic:  16/16      EV: 13    Int: 15    God:
Gold:   81         SH:  0    Dex: 15    Spells: 3/7 levels left

rFire    . . .     SeeInvis .   w - -2 flail (curse)
rCold    . . .     Gourm    .   (no shield)
rNeg     . . .     Faith    .   h - +0 ring mail
rPois    .         Spirit   .   (no helmet)
rElec    .         Reflect  .   (no cloak)
rCorr    .         Harm     .   (no gloves)
MR       .....                  (no boots)
Stlth    +.........             o - amulet of regeneration
HPRegen  0.49/turn              u - ring of magical power
MPRegen  0.15/turn              (no ring)

@: very slightly contaminated
A: distributed training, fangs 1, strong nose
a: no special abilities


You were on level 3 of the Dungeon.
You were not hungry.

You visited 1 branch of the dungeon, and saw 3 of its levels.

You collected 81 gold pieces.

Inventory:

Hand Weapons
 a - a +0 shortbow
 b - a +0 short sword
 n - a +0 flail
 w - a cursed -2 flail (weapon)
Missiles
 d - 34 arrows
Armour
 e - a +0 robe
 h - a +0 ring mail (worn)
Jewellery
 o - an amulet of regeneration (around neck)
 u - a ring of magical power (left hand)
Scrolls
 i - a scroll of identify {unknown}
 k - 2 scrolls of teleportation {unknown}
 m - 2 scrolls of fear {unknown}
 s - a scroll of remove curse {unknown}
 v - 2 scrolls of random uselessness {unknown}
Potions
 l - a potion of flight {unknown}
 p - a potion of might {unknown}
 q - a potion of resistance {unknown}
Books
 c - a book of Debilitation

   Spells                             Type                      Level
   a - Corona                         Hexes                        1
   b - Slow                           Hexes                        2
   c - Inner Flame                    Hexes/Fire                   3
   d - Portal Projectile              Hexes/Translocation          3
   e - Cause Fear                     Hexes                        4
   f - Leda's Liquefaction            Hexes/Earth                  4
Comestibles
 f - 3 bread rations
 j - 2 meat rations
 r - a royal jelly
 t - 6 chunks of flesh


   Skills:
 + Level 2.6 Fighting
 + Level 0.8 Short Blades
 + Level 0.8 Long Blades
 + Level 0.8 Axes
 + Level 0.8 Maces & Flails
 + Level 0.8 Polearms
 + Level 0.8 Staves
 + Level 0.8 Slings
 + Level 4.5 Bows
 + Level 0.8 Crossbows
 + Level 0.8 Throwing
 + Level 0.8 Armour
 + Level 4.5 Dodging
 + Level 0.8 Stealth
 + Level 0.8 Shields
 + Level 0.8 Unarmed Combat
 + Level 2.8 Spellcasting
 + Level 0.5 Conjurations
 + Level 5.4 Hexes
 + Level 0.5 Charms
 + Level 0.5 Summonings
 + Level 0.5 Necromancy
 + Level 0.5 Translocations
 + Level 0.5 Transmutations
 + Level 0.5 Fire Magic
 + Level 0.5 Ice Magic
 + Level 0.5 Air Magic
 + Level 0.5 Earth Magic
 + Level 0.5 Poison Magic
 + Level 1.0 Invocations
 + Level 0.8 Evocations


You had 3 spell levels left.
You knew the following spells:

 Your Spells              Type           Power        Failure   Level  Hunger
a - Corona                Hex            ###....      4%          1    #......
b - Portal Projectile     Hex/Tloc       ##....       36%         3    ###....


Dungeon Overview and Level Annotations

Branches:
Dungeon (3/15)

Altars:
Okawaru


Innate Abilities, Weirdness & Mutations

Your experience applies equally to all skills.
You have very sharp teeth.
Your uncanny sense of smell can sniff out nearby items.


Message History

The orc priest moves out of view.
The orc barely misses you. The orc closely misses you.
The orc closely misses you. The orc hits you.
An orc comes into view. It is wielding a flail.
The orc shouts!
The orc hits you. The orc closely misses you. The orc barely misses you.
The orc hits you with a flail. The orc barely misses you.
The orc hits you but does no damage.
The orc priest invokes the aid of Beogh against you.
Beogh smites you!
* * * LOW HITPOINT WARNING * * *
The orc barely misses you.
The orc priest looks braver for a moment.
The orc hits you with a flail!
You die...

........####
..........#
....#..#.#
#.....#.#
#.......# #
#....##.#
#..#...<##.#
#..o.......#
......#@#####
##..###o# #.


oo# .. ..o# . #.#.# #.### .. .. You could see an orc priest and 4 orcs.

Vanquished Creatures
  An ooze (D:2)
  A dart slug (D:2)
  A leopard gecko (D:1)
  4 orcs (D:2)
  A giant cockroach (D:1)
  3 hobgoblins
  2 jackals
  3 kobolds (D:1)
  2 quokkas (D:2)
  5 bats
  3 frilled lizards (D:2)
  4 goblins
  2 rats (D:1)
32 creatures vanquished.

Vanquished Creatures (others)
  A bat (D:2)
1 creature vanquished.

Grand Total: 33 creatures vanquished

Notes
Turn   | Place    | Note
-------+----------+-------------------------------------------
     0 | D:1      | Klosterheim the Gnoll Arcane Marksman began the quest for the Orb.
     0 | D:1      | Reached XP level 1. HP: 17/17 MP: 4/4
   106 | D:1      | Reached XP level 2. HP: 23/23 MP: 5/5
   139 | D:1      | You fall through a shaft!
   723 | D:2      | Found an iron altar of Okawaru.
   958 | D:2      | Reached XP level 3. HP: 13/28 MP: 7/7
  1416 | D:2      | Learned a level 3 spell: Portal Projectile
  1590 | D:2      | Reached skill level 1 in Invocations
  1684 | D:3      | Slain by an orc

Vault maps used:
D:1:      dpeg_arrival_tiny_h
D:2:      minmay_wonky_spiral, first_bread, okawaru_ov_weapons_minmay

Skill      XL: |  1  2  3 |
---------------+----------+-----
Invocations    | 1 |  1.0
Fighting       | |  2.6
Short Blades   | |  0.8
Long Blades    | |  0.8
Axes           | |  0.8
Maces & Flails | |  0.8
Polearms       | |  0.8
Staves         | |  0.8
Slings         | |  0.8
Bows           | |  4.5
Crossbows      | |  0.8
Throwing       | |  0.8
Armour         | |  0.8
Dodging        | |  4.5
Stealth        | |  0.8
Shields        | |  0.8
Unarmed Combat | |  0.8
Spellcasting   | |  2.8
Conjurations   | |  0.5
Hexes          | |  5.4
Charms         | |  0.5
Summonings     | |  0.5
Necromancy     | |  0.5
Translocations | |  0.5
Transmutations | |  0.5
Fire Magic     | |  0.5
Ice Magic      | |  0.5
Air Magic      | |  0.5
Earth Magic    | |  0.5
Poison Magic   | |  0.5
Evocations     | |  0.8

Action                   || total
-------------------------++-------
Melee: Short sword       ||    63
       Bite              ||    15
       Flail             ||    56
 Fire: Shortbow          ||     8
  Use: Scroll            ||     1
 Stab: Sleeping          ||     3
  Eat: Chunk             ||     3
Armor: Robe              ||    27
       Ring mail         ||     1
Dodge: Dodged            ||   165

Table legend:
 A = Spawn XP
 B = Non-spawn XP
 C = Spawn XP percentage of total XP
 D = Spawn monster count
 E = Non-spawn monster count
 F = Spawn count percentage of total count
 G = Total turns spent on level
                    A         B        C        D         E        F      G
               +---------+---------+-------+---------+---------+-------+---------
         Total |       0 |      64 |   0.0 |       0 |      32 |   0.0 |  1684
               +---------+---------+-------+---------+---------+-------+---------
           D:1 |       0 |      21 |   0.0 |       0 |      13 |   0.0 |   828
           D:2 |       0 |      41 |   0.0 |       0 |      18 |   0.0 |   812
           D:3 |       0 |       2 |   0.0 |       0 |       1 |   0.0 |    44
               +---------+---------+-------+---------+---------+-------+---------
